 Dungeon Crawl Stone Soup version 0.31-a0-152-g6aa68a64a1 (webtiles) character file.

Game seed: 17345973729579377970

77 qw the Shooter (level 4, 0/38 HPs)
             Began as a Minotaur Hunter on June 9, 2023.
             Slain by an orc priest
             ... wielding a +2 war axe of freezing
              (2 damage)
             ... on level 3 of the Dungeon.
             The game lasted 00:00:34 (1132 turns).

qw the Shooter (Minotaur Hunter)                    Turns: 1132, Time: 00:00:35

Health: 0/38       AC:  6    Str: 16    XL:     4   Next: 13%
Magic:  3/3        EV: 11    Int:  6    God:
Gold:   105        SH:  0    Dex: 15    Spells: 3/3 levels left

rFire   . . .        Y - +0 shortbow
rCold   . . .        (shield currently unavailable)
rNeg    . . .        h - +0 ring mail
rPois   .            (helmet restricted)
rElec   .            (no cloak)
rCorr   .            (no gloves)
SInv    .            d - +0 pair of boots
Will    .....        (no amulet)
Stlth   +            (no ring)
HPRegen 0.26/turn    (no ring)
MPRegen 0.08/turn

%: no passive effects
@: about to teleport
A: horns 2, retaliatory headbutt
a: no special abilities


You were on level 3 of the Dungeon.
You visited 1 branch of the dungeon, and saw 3 of its levels.

You collected 127 gold pieces.
You spent 22 gold pieces at shops.


Innate Abilities, Weirdness & Mutations

You have a pair of horns on your head.
You reflexively headbutt those who attack you in melee.


   Skills:
 - Level 3.0 Fighting
 + Level 5.9 Ranged Weapons
 - Level 1.0 Armour
 - Level 2.1 Dodging
 - Level 0.7 Stealth


You had 3 spell levels left.
You didn't know any spells.
Your spell library was empty.

Inventory:

Hand Weapons
 Y - a +0 shortbow (weapon)
Armour
 d - a +0 pair of boots (worn)
 h - a +0 ring mail (worn)
Scrolls
 a - a scroll of noise {unknown}
 b - a scroll of teleportation
 g - a scroll of identify {unknown}
 k - a scroll of fear {unknown}
Potions
 c - a potion of curing {unknown}
 e - a potion of degeneration {unknown}
 f - a potion of mutation {unknown}
 i - a potion of invisibility {unknown}
 j - a potion of magic {unknown}

Dungeon Overview and Level Annotations

Branches:
Dungeon (3/15)

Altars:
Trog

Shops:
D:1 *=:!


Message History

The orc priest is moderately wounded.
You shoot an arrow. The arrow barely misses the orc priest.
The orc priest looks encouraged for a moment.
You shoot an arrow.
The arrow hits the orc priest but does no damage.
The orc priest is moderately wounded.
The orc priest looks braver for a moment.
You shoot an arrow.
The arrow hits the orc priest but does no damage.
The orc priest is moderately wounded.
You shoot an arrow.
The arrow hits the orc priest but does no damage.
The orc priest is moderately wounded.
The orc priest mumbles some strange prayers to Beogh against you.
Beogh smites you!
You shoot an arrow. The arrow barely misses the orc priest.
You shoot an arrow. The arrow hits the orc priest.
The orc priest is heavily wounded.
The orc priest hits you with a +2 war axe of freezing.
The orc priest freezes you.
The orc priest hits you but does no damage.
You shoot an arrow.
The arrow hits the orc priest but does no damage.
The orc priest is moderately wounded.
The orc priest hits you with a +2 war axe of freezing.
The orc priest freezes you.
1130 ||| READING 2 scrolls of teleportation.
As you read the scroll of teleportation, it crumbles to dust.
You feel strangely unstable.
The orc priest hits you with a +2 war axe of freezing.
The orc priest freezes you.
You shoot an arrow.
The arrow hits the orc priest but does no damage.
The orc priest is moderately wounded.
The orc priest barely misses you.
You shoot an arrow.
The arrow closely misses the orc priest.
The orc priest hits you with a +2 war axe of freezing.
The orc priest freezes you.
You die... #..PP..#._..# #..PP..#....# #..PP..####.# #..PP.......### #.
PP...).....####### #.
PPPPPPP..........
PPPPPPP...).....

.........###.######
........)#.@o......
########.))##..####
###.# .... #.# ....
#.# #.. #.# # #.#
#.# #..


You could see an orc priest.

Vanquished Creatures
  An orc wizard (D:3)
  A worm (D:2)
  4 orcs (D:3)
  8 ball pythons
  5 endoplasms
  A giant cockroach (D:1)
  4 hobgoblins
  2 jackals (D:3)
  A kobold (D:2)
  3 quokkas
  3 bats
  A frilled lizard (D:2)
  4 goblins
  4 rats
42 creatures vanquished.

Notes
Turn   | Place    | Note
-------+----------+-------------------------------------------
     0 | D:1      | qw the Minotaur Hunter began the quest for the Orb.
     0 | D:1      | Reached XP level 1. HP: 18/18 MP: 0/0
     0 | D:1      | 0 ||| qw: Version: 0.2-a-122-gbc61b45
     0 | D:1      | 0 ||| qw: Game counter: 3481
     0 | D:1      | 0 ||| qw: Always use a shield: true
     0 | D:1      | 0 ||| qw: God list: Okawaru
     0 | D:1      | 0 ||| qw: Allow faded altars: false
     0 | D:1      | 0 ||| qw: Do Orc after D:15 true
     0 | D:1      | 0 ||| qw: Do second Lair branch before Depths: true
     0 | D:1      | 0 ||| qw: Lair rune preference: random
     0 | D:1      | 0 ||| qw: Plans: Normal
     0 | D:1      | 0 ||| PLANNING D:1-11
     2 | D:1      | 2 ||| DROPPING scroll of butterflies.
    41 | D:1      | Found Wompyhog's Distillery.
    54 | D:1      | 54 ||| SHOPLISTING potion of cancellation (80 gold, have
                  | 19).
    54 | D:1      | 54 ||| SHOPLISTING potion of curing (30 gold, have 19).
    54 | D:1      | 54 ||| SHOPLISTING potion of heal wounds (50 gold, have
                  | 19).
    54 | D:1      | 54 ||| SHOPLISTING potion of might (40 gold, have 19).
    63 | D:1      | Found Bule's Book Emporium.
    83 | D:1      | Reached XP level 2. HP: 25/25 MP: 1/1
    86 | D:1      | Reached skill level 5 in Ranged Weapons
   111 | D:1      | Found Taes's Assorted Antiques.
   116 | D:1      | 116 ||| SHOPLISTING crooked ivory wand (100 gold, have 28).
   116 | D:1      | 116 ||| BUYING fuming sapphire potion (22 gold).
   116 | D:1      | Bought a fuming sapphire potion for 22 gold pieces
   116 | D:1      | 116 ||| SHOPLISTING murky cyan potion (22 gold, have 6).
   116 | D:1      | 116 ||| SHOPLISTING ring mail (100 gold, have 6).
   116 | D:1      | 116 ||| SHOPLISTING scroll labelled FEIGGE IKUQYXU (25
                  | gold, have 6).
   116 | D:1      | 116 ||| SHOPLISTING scroll labelled URIGUQ DITEATA (25
                  | gold, have 6).
   116 | D:1      | 116 ||| SHOPLISTING steel ring (125 gold, have 6).
   213 | D:1      | Found Kusuqowi's Jewellery Shop.
   221 | D:1      | 221 ||| SHOPLISTING +5 ring of evasion (360 gold, have 9).
   221 | D:1      | 221 ||| SHOPLISTING amulet of regeneration (300 gold, have
                  | 9).
   221 | D:1      | 221 ||| SHOPLISTING ring of fire (250 gold, have 9).
   221 | D:1      | 221 ||| SHOPLISTING ring of poison resistance (200 gold,
                  | have 9).
   221 | D:1      | 221 ||| SHOPLISTING ring of positive energy (200 gold, have
                  | 9).
   221 | D:1      | 221 ||| SHOPLISTING ring of protection from fire (250 gold,
                  | have 9).
   432 | D:1      | 432 ||| UPGRADING to +0 pair of boots.
   437 | D:1      | 437 ||| UPGRADING to +0 ring mail.
   447 | D:1      | 447 ||| DROPPING +0 leather armour.
   448 | D:1      | 448 ||| READING scroll labelled URIGUQ DITEATA.
   449 | D:1      | 449 ||| READING scroll labelled LEXTYM DUBLURO.
   453 | D:1      | 453 ||| READING scroll labelled XALOUT GEQULIYTAP.
   549 | D:2      | Found a faded altar of an unknown god.
   615 | D:2      | Reached skill level 1 in Armour
   667 | D:2      | Reached skill level 3 in Fighting
   827 | D:2      | Reached XP level 3. HP: 31/31 MP: 2/2
   969 | D:2      | You fall into a shaft and drop 1 floor!
   970 | D:3      | 970 ||| PLANNING SEWER
   982 | D:3      | Found a bloodstained altar of Trog.
  1050 | D:3      | Reached XP level 4. HP: 20/38 MP: 3/3
  1129 | D:3      | HP: 9/38 [orc priest/+2 war axe of freezing (2)]
  1130 | D:3      | 1130 ||| READING 2 scrolls of teleportation.
  1132 | D:3      | HP: 2/38 [orc priest/+2 war axe of freezing (4)]
  1132 | D:3      | Slain by an orc priest

Levels and vault maps discovered:
D:1:      minmay_arrival_semitransparent, layout_rooms, serial_shops,
          nicolae_shop_rolling_square, nicolae_diamond_shop, shop,
          nicolae_shop_competitors_out_of_business
D:2:      layout_loops_ring, dreamdust_ecumenical_altar_grove, minivault_14,
          dreamdust_mushroom_princess
D:3:      layout_basic, mainiacjoe_overflow_chevrons, gup_sewer_entry_glass,
          kennysheep_nondescript

Skill      XL: |  1  2 |
---------------+-------+-----
Ranged Weapons | 5 |  5.9
Armour         | 1 |  1.0
Fighting       | 3 |  3.0
Dodging        | |  2.1
Stealth        | |  0.7

Action                     |  1- 3 |  4- 6 || total
---------------------------+-------+-------++-------
   Fire: Shortbow          |   115 |    16 ||   131
    Use: Scroll            |     3 |     1 ||     4
 Armour: Ring mail         |    22 |     3 ||    25
         Leather armour    |     1 |       ||     1
  Dodge: Dodged            |    47 |     2 ||    49

Table legend:
 A = Non-vault XP
 B = Vault XP
 C = Vault XP percentage of total XP
 D = Non-vault monster count
 E = Vault monster count
 F = Vault count percentage of total count
                 A         B        C        D         E       F
            +---------+---------+-------+---------+---------+-------
      Total |     110 |       0 |   0.0 |      42 |       0 |   0.0
            +---------+---------+-------+---------+---------+-------
        D:1 |      25 |       0 |   0.0 |      16 |       0 |   0.0
        D:2 |      22 |       0 |   0.0 |      13 |       0 |   0.0
        D:3 |      63 |       0 |   0.0 |      13 |       0 |   0.0
            +---------+---------+-------+---------+---------+-------
